 Dungeon Crawl Stone Soup version 0.22.1-2-g9c5b331 (webtiles) character file.

3367 shamaniam the Grappler (level 9, -20/91 HPs)
             Began as a Troll Transmuter on Nov 26, 2018.
             Was a Follower of Ru.
             Demolished by a large abomination (36 damage)
             ... on level 1 of the Abyss.
             The game lasted 00:29:03 (6591 turns).

shamaniam the Grappler (Troll Transmuter)           Turns: 6591, Time: 00:29:04

Health: -20/91     AC:  8    Str: 32    XL:     9   Next: 73%
Magic:  11/11      EV:  4    Int: 12    God:    Ru [*.....]
Gold:   453        SH:  2    Dex: 10    Spells: 4/12 levels left

rFire    . . .     SeeInvis .   B - +3 hand axe of Honour {drain, *Rage rElec MR- Str+8}
rCold    . . .     Gourm    +   (no shield)
rNeg     . . .     Faith    .   x - +1 troll leather armour {Purgy}
rPois    .         Spirit   .   (helmet restricted)
rElec    +         Reflect  +   (no cloak)
rCorr    .         Harm     .   (gloves unavailable)
MR       .....     Rnd*Rage +   (boots unavailable)
Stlth    +.........             z - +2 amulet of reflection
HPRegen  1.05/turn              o - ring of flight
MPRegen  0.12/turn              E - +4 ring of strength

@: berserk cooldown, slowed, drained, very slow
A: large, unfitting armour, claws 3, fast metabolism 3, gourmand, regeneration
1, shaggy fur 1, tough skin 2, reduced EV 1
a: Renounce Religion, Evoke Flight


You were on level 1 of the Abyss.
You worshipped Ru.
Ru was aware of your devotion.
You were hungry.

You visited 2 branches of the dungeon, and saw 9 of its levels.
You visited the Abyss 1 time.
You also visited: Sewer and Bailey.

You collected 453 gold pieces.

Inventory:

Hand Weapons
 B - the +3 hand axe of Honour (weapon) {drain, *Rage rElec MR- Str+8}
   (You found it on level 8 of the Dungeon)

   A truly terrible weapon, it drains the life of those it strikes.
   It affects your strength (+8).
   It insulates you from electricity.
   It affects your resistance to hostile enchantments.
   It may make you go berserk in combat.
Missiles
 a - 160 arrows
 p - 5 javelins (quivered)
Armour
 b - a +0 robe
 x - a +1 troll leather armour (worn) {Purgy}
Magical Staves
 n - an uncursed staff of poison
Jewellery
 i - an uncursed ring of protection from fire
 o - a ring of flight (left claw)
 r - an uncursed ring of poison resistance
 z - a +2 amulet of reflection (around neck)
 E - a +4 ring of strength (right claw)
Wands
 h - a wand of enslavement (51)
 k - a wand of digging (7)
 y - a wand of polymorph (15)
 G - a wand of paralysis (14)
Scrolls
 f - 2 scrolls of immolation
 j - 5 scrolls of teleportation
 m - 2 scrolls of remove curse
 t - a scroll of enchant armour
 w - a scroll of fear
 A - a scroll of magic mapping
 D - a scroll of amnesia
Potions
 c - 2 potions of magic
 e - a potion of ambrosia {unknown}
 g - a potion of brilliance
 l - 3 potions of curing
 q - 3 potions of haste
 s - a potion of agility {unknown}
 u - 2 potions of lignification
 v - a potion of might
Comestibles
 d - 18 rations


   Skills:
 + Level 6.3(5.5) Fighting
 - Level 1.5(0.8) Dodging
 * Level 11.1(10.1) Unarmed Combat
 + Level 2.0(1.2) Spellcasting
 + Level 2.2(1.5) Transmutations
 + Level 1.5(0.7) Evocations


You had 4 spell levels left.
You knew the following spells:

 Your Spells              Type           Power        Failure   Level  Hunger
a - Beastly Appendage     Tmut           #.....       19%         1    ##.....
b - Sticks to Snakes      Tmut           #.......     26%         2    ###....
c - Blade Hands           Tmut           #.........   99%         5    ######.

Your spell library contained the following spells:

 Spells                   Type           Power        Failure   Level  Hunger
 Spider Form              Tmut/Pois      #.........   58%         3    ####...
 Ice Form                 Ice/Tmut       #.......     94%         4    #####..


Dungeon Overview and Level Annotations

Branches:
Dungeon (8/15)             Temple (1/1) D:5
   Lair: D:8-11

Altars:
Ashenzari
Cheibriados
Dithmenos
Fedhas
Gozag
Hepliaklqana
Makhleb
Qazlal
Ru
Sif Muna
Trog
Uskayaw
Vehumet
Wu Jian
Xom
Zin
The Shining One


Innate Abilities, Weirdness & Mutations

You are too large for most types of armour.
You have claws for hands.
Your metabolism is lightning-fast.
You like to eat raw meat.
Your natural rate of healing is unusually fast.
You are covered in fur. (AC +1)
You have very tough skin. (AC +2)
You have somewhat slow reflexes. (EV -5)


Message History

The orb of destruction hits a stone wall.
You hit the large abomination but do no damage.
The large abomination hits you but does no damage.
The large abomination hits you!
You hit the large abomination.
The large abomination is lightly damaged.
The large abomination hits you but does no damage.
You barely miss the large abomination.
The large abomination is lightly damaged.
The large abomination hits you!
You hit the large abomination but do no damage.
The large abomination is lightly damaged.
The large abomination hits you!!
* * * LOW HITPOINT WARNING * * *
The large abomination hits you.
* * * LOW HITPOINT WARNING * * *
You barely miss the large abomination.
The large abomination is lightly damaged.
The large abomination hits you!!!
You die...

..#.# ... .
.##...## .#.
##.#...#.# # ..#
### #.#..#.#
.#.# #.#...#. .#
##....#X# ###
##s...#. # #...
#ยง..###..#
#..####.#...##.#
.#.@X.s# #. .#
#.....#.....# .
#.#....## #. # #
##..#.#..#.. ##
.. ##.##..##
##...# #
.######..# ....
.# #.## ##.# ..
. . .


You could see a large abomination and an orb spider.

Vanquished Creatures
  The ghost of jlumianski the Chopper, an amateur MiBe of Trog (D:3)
  Grinder (D:6)
  A fire bat (Abyss:1)
  Eustachio (D:4)
  A hungry ghost (D:7)
  Duvessa (D:6)
  Purgy (Sewer)
  A sky beast (D:7)
  An ice beast (D:5)
  A phantom (D:5)
  4 ogres
  3 centaurs
  2 bullfrogs
  3 scorpions
  Dowan (D:6)
  2 wights
  2 electric eels (Bailey)
  2 crimson imps
  A quasit (D:6)
  A bullfrog zombie (D:5)
  The ghost of nxtlvl the Cudgeler, a weakling VSSk (D:4)
  A hound (D:7)
  A bullfrog skeleton (D:5)
  2 orc priests
  A jelly (D:6)
  7 orc wizards
  2 iguanas (D:6)
  Ijyb (D:4)
  4 worker ants
  7 adders
  2 shadow imps
  An ooze (D:2)
  2 worms
  3 leopard geckos
  20 orcs
  2 ball pythons
  6 giant cockroaches
  9 goblins
  11 hobgoblins
  15 jackals
  5 kobolds
  5 bats
  6 frilled lizards
  A quokka skeleton (D:7)
  12 rats
158 creatures vanquished.

Vanquished Creatures (others)
  A fire bat (Abyss:1)
  A plant (D:5)
2 creatures vanquished.

Grand Total: 160 creatures vanquished

Notes
Turn   | Place    | Note
-------+----------+-------------------------------------------
     0 | D:1      | shamaniam the Troll Transmuter began the quest for the Orb.
     0 | D:1      | Reached XP level 1. HP: 18/18 MP: 1/1
   198 | D:1      | Reached skill level 1 in Fighting
   235 | D:1      | Reached XP level 2. HP: 27/27 MP: 2/2
   966 | D:2      | Found a shattered altar of Ashenzari.
  1044 | D:2      | Reached skill level 4 in Unarmed Combat
  1044 | D:2      | Reached XP level 3. HP: 29/33 MP: 3/3
  1286 | D:3      | Reached XP level 4. HP: 42/42 MP: 4/4
  1381 | D:3      | You fall through a shaft for 3 floors!
  1467 | D:6      | Found a glowing drain.
  1481 | Sewer    | Entered a sewer
  1605 | Sewer    | Noticed Purgy
  1632 | Sewer    | Killed Purgy
  1632 | Sewer    | Reached skill level 5 in Unarmed Combat
  1632 | Sewer    | Reached XP level 5. HP: 16/50 MP: 5/5
  1788 | D:6      | Noticed Duvessa
  1788 | D:6      | Noticed an ogre
  1788 | D:6      | Noticed Dowan
  1801 | D:6      | Killed an ogre
  1801 | D:6      | Reached skill level 6 in Unarmed Combat
  1801 | D:6      | Reached XP level 6. HP: 32/61 MP: 6/6
  1809 | D:6      | Killed Dowan
  1812 | D:6      | HP: 3/61 [Duvessa/short sword (9)]
  1816 | D:6      | Killed Duvessa
  1818 | D:5      | Entered Level 5 of the Dungeon
  1833 | D:5      | Noticed an ice beast
  1884 | D:5      | Killed an ice beast
  1884 | D:5      | Reached skill level 7 in Unarmed Combat
  1884 | D:5      | Reached XP level 7. HP: 67/67 MP: 7/7
  2111 | D:3      | Found a large runed door.
  2112 | D:3      | Found a large runed door.
  2112 | D:3      | Noticed jlumianski's ghost (amateur MiBe)
  2159 | D:3      | Killed jlumianski's ghost
  2285 | D:3      | Found a glowing golden altar of the Shining One.
  2804 | D:4      | Found a transporter.
  2808 | D:4      | Found a transporter.
  2808 | D:4      | Noticed nxtlvl's ghost (weakling VSSk)
  2893 | D:4      | Reached skill level 8 in Unarmed Combat
  2939 | D:4      | Noticed Eustachio
  2949 | D:4      | Killed Eustachio
  2949 | D:4      | Reached XP level 8. HP: 70/79 MP: 8/8
  3170 | D:4      | Noticed Ijyb
  3174 | D:4      | Paralysed by Ijyb for 5 turns
  3185 | D:4      | Killed Ijyb
  3533 | D:4      | Killed nxtlvl's ghost
  3779 | D:5      | Learned a level 2 spell: Sticks to Snakes
  3785 | D:5      | Learned a level 5 spell: Blade Hands
  3870 | D:5      | Reached skill level 9 in Unarmed Combat
  3897 | D:5      | Found a staircase to the Ecumenical Temple.
  4059 | D:6      | Noticed Grinder
  4062 | D:6      | Paralysed by Grinder for 4 turns
  4070 | D:6      | Killed Grinder
  4070 | D:6      | Reached skill level 5 in Fighting
  4098 | D:5      | Paralysed by an orc for 7 turns
  4264 | D:6      | Noticed an angel
  4265 | D:6      | Found a glowing silver altar of Zin.
  4271 | D:6      | Reached skill level 10 in Unarmed Combat
  4271 | D:6      | Reached XP level 9. HP: 88/88 MP: 9/9
  4276 | D:6      | Found a shimmering altar of Xom.
  4303 | Temple   | Entered the Ecumenical Temple
  4360 | Temple   | Became a worshipper of Ru the Awakened
  5433 | D:5      | Noticed a moth of wrath
  5436 | D:5      | Found a bloodstained altar of Trog.
  5838 | D:7      | Gained mutation: You have somewhat slow reflexes. (EV -5)
                  | [Ru sacrifice]
  5838 | D:7      | Reached * piety under Ru
  6231 | D:7      | Reached skill level 1 in Evocations
  6324 | D:8      | Found a flagged portal.
  6331 | D:8      | Got a smoking hand axe
  6334 | Bailey   | Entered a bailey
  6342 | Bailey   | Identified the +3 hand axe of Honour {drain, *Rage rElec
                  | MR- Str+8} (You found it on level 8 of the Dungeon)
  6510 | Bailey   | Found an iron altar of Okawaru.
  6510 | Bailey   | Noticed a kobold demonologist
  6510 | Bailey   | Noticed a kobold demonologist
  6510 | Bailey   | Noticed an orc knight
  6517 | Bailey   | Noticed a red devil
  6518 | Bailey   | Cast into level 1 of the Abyss (chaos spawn)
  6554 | Abyss:1  | Reached skill level 11 in Unarmed Combat
  6569 | Abyss:1  | Noticed an orb spider
  6591 | Abyss:1  | Demolished by a large abomination

Skill      XL: |  1  2  3  4  5  6  7  8  9 |
---------------+----------------------------+-----
Fighting       | 1 2 3 4 5 6 |  6.3
Unarmed Combat | 4 5 6 7 8 10 11 | 11.1
Evocations     | 1 |  1.5
Transmutations | 2 |  2.2
Spellcasting   | 2 |  2.0
Dodging        | |  1.5

Action                   |  1- 3 |  4- 6 |  7- 9 || total
-------------------------+-------+-------+-------++-------
Melee: Unarmed           |    76 |   107 |   285 ||   468
       Punch             |       |     1 |    11 ||    12
       Kick              |       |       |     6 ||     6
       Hand axe          |       |       |    44 ||    44
 Cast: Beastly Appendage |       |       |     4 ||     4
Invok: Sacrifice Health  |       |       |     1 ||     1
 Abil: Evoke Flight      |       |       |     2 ||     2
Evoke: Wand              |       |       |     1 ||     1
  Use: Potion            |       |     2 |     1 ||     3
       Scroll            |       |     1 |    15 ||    16
 Stab: Sleeping          |     1 |       |       ||     1
  Eat: Chunk             |    14 |     9 |    38 ||    61
       Ration            |       |       |     1 ||     1
Armor: Robe              |    18 |    43 |       ||    61
       Troll leather arm |       |    10 |   189 ||   199
Dodge: Dodged            |    36 |    84 |   141 ||   261
Block: Other             |       |       |    12 ||    12
